 Dungeon Crawl Stone Soup version 0.31-a0-473-g61b50ae490 (webtiles) character file.

Game seed: 13695452605969422106

511 MisterAzrael the Grappler (level 6, -2/47 HPs)
             Began as a Draconian Shapeshifter on Aug 7, 2023.
             Was an Initiate of Nemelex Xobeh.
             Slain by a gnoll sergeant
             ... wielding a +1 trident of venom
              (6 damage)
             ... on level 5 of the Dungeon.
             The game lasted 00:03:47 (3589 turns).

MisterAzrael the Grappler (Draconian Shapeshifter)  Turns: 3589, Time: 00:03:48

Health: -2/47      AC:  6    Str: 19    XL:     6   Next: 99%
Magic:  6/6        EV: 12    Int:  9    God:    Nemelex Xobeh [......]
Gold:   268        SH:  0    Dex: 11    Spells: 5/5 levels left

rFire   . .          .
                       - Unarmed
rCold   . . .        (no shield)
rNeg    . . .        (body armour unavailable)
rPois   .            (helmet currently unavailable)
rElec   .            (cloak currently unavailable)
rCorr   .            (gloves currently unavailable)
SInv    .            (boots currently unavailable)
Will    .....        (no amulet)
Stlth   +            (no ring)
HPRegen 0.27/turn    (no ring)
MPRegen 0.10/turn

%: no passive effects
@: beast-form
A: beast (slay +2), AC +6, unfitting armour, cold-blooded
a: Begin Untransformation, Renounce Religion, Draw Escape, Draw Destruction,
Draw Summoning


You were on level 5 of the Dungeon.
You worshipped Nemelex Xobeh.
Nemelex Xobeh was noncommittal.
You were a hulking beast.
You visited 2 branches of the dungeon, and saw 6 of its levels.

You collected 268 gold pieces.

Inventory:

Jewellery
 n - a +4 ring of slaying
Talismans
 b - a beast talisman (active)
Wands
 i - a wand of flame (13)
 p - a wand of quicksilver (14)
 q - a wand of roots (3)
Scrolls
 d - 2 scrolls of noise {unknown}
 e - a scroll of torment {unknown}
 g - a scroll of immolation {unknown}
 h - 4 scrolls of teleportation {unknown}
 k - a scroll of fog {unknown}
 m - 4 scrolls of identify {unknown}
 o - a scroll of enchant weapon {unknown}
 r - a scroll of amnesia {unknown}
Potions
 f - 2 potions of might
 l - a potion of haste {unknown}


   Skills:
 - Level 1.1 Fighting
 - Level 1.7 Dodging
 + Level 8.0 Unarmed Combat
 - Level 3.0 Shapeshifting


You had 5 spell levels left.
You didn't know any spells.
Your spell library contained the following spells:

 Spells                   Type           Power      Damage    Failure   Level
 Necrotise                Necr           0%         1d4       38%         1
 Cigotuvi's Dreadful Rot  Necr/Pois/Air  0%         N/A       52%         2
 Poisonous Vapours        Pois/Air       0%         N/A       52%         2
 Static Discharge         Conj/Air       0%         2-2/arc   52%         2
 Call Canine Familiar     Summ           0%         N/A       77%         3
 Frozen Ramparts          Ice            0%         1d1       77%         3
 Inner Flame              Hex/Fire       0%         N/A       77%         3
 Portal Projectile        Hex/Tloc       0%         N/A       77%         3
 Vampiric Draining        Necr           0%         2d6       77%         3
 Flame Wave               Conj/Fire      0%         2d4       99%         4
 Leda's Liquefaction      Hex/Erth       0%         N/A       99%         4
 Petrify                  Tmut/Erth      0%         N/A       99%         4
 Sticky Flame             Conj/Fire      0%         2d3       99%         4
 Agony                    Necr           0%         N/A       100%        5
 Lee's Rapid Deconstruct  Erth           0%         3d4*      100%        5
 Metabolic Englaciation   Hex/Ice        0%         N/A       100%        5
 Leda's Unmaking          Conj/Erth      0%         9d1       100%        6


Dungeon Overview and Level Annotations

Branches:
Dungeon (5/15)             Temple (1/1) D:4

Altars:
Ashenzari
Elyvilon
Fedhas
Gozag
Hepliaklqana
Kikubaaqudgha
Nemelex Xobeh
Okawaru
Qazlal
Trog
Uskayaw
Vehumet
Xom
Yredelemnul
Zin
The Shining One


Innate Abilities, Weirdness & Mutations

You are a hulking beast.
Your limbs bulge with bestial killing power. (Slay +2)
Your plain brown scales are hard. (AC +6)
You cannot fit into any form of body armour.
You are cold-blooded and may be slowed by cold attacks.


Message History

The gnoll hits you from afar with a +0 spear.
* * * LOW HITPOINT WARNING * * *
The orc misses you.
You feel better. The gnoll sergeant closely misses you.
The gnoll hits you from afar with a +0 spear.
The gnoll hits you from afar with a +0 spear!
* * * LOW HITPOINT WARNING * * *
The orc closely misses you.
You feel better. The gnoll sergeant closely misses you.
The gnoll hits you from afar with a +0 spear.
* * * LOW HITPOINT WARNING * * *
The gnoll hits you from afar with a +0 spear.
* * * LOW HITPOINT WARNING * * *
The gnoll barely misses you.
The orc hits you with a +2 flail of protection.
* * * LOW HITPOINT WARNING * * *
The gnoll barely misses you.
The gnoll hits you from afar with a +0 spear.
* * * LOW HITPOINT WARNING * * *
The gnoll hits you from afar with a +0 spear.
* * * LOW HITPOINT WARNING * * *
Okay, then.
It was a potion of might.
You feel very mighty all of a sudden. The orc completely misses you.
Really quaff the potion of lignification?
Your transformation has ended.
You turn into a tree.
Your roots penetrate the ground.
The gnoll sergeant barely misses you.
The orc hits you with a +2 flail of protection.
* * * LOW HITPOINT WARNING * * *
It was a potion of cancellation.
Your magical effects are unravelling.
You feel magically purged.
You feel less wooden.
You turn into a hulking beast.
You feel a little less mighty now.
The gnoll sergeant hits you from afar with a +1 trident of venom.
You die...
Your body disappears without a glow.

############ .......
#<.........# .......
##########.#
......####.........#
#.<)...##.........#
#......##.........#
#......##.........#
#.....g##.........#
#.....ggoh..#######
#.......g...#
#......g...##
#####......#
#......# #......#
#......# #......#
#......#


You could see a gnoll sergeant, 4 gnolls and an orc.

Vanquished Creatures
  2 ogres
  A scorpion (D:4)
  A jelly (D:5)
  2 orc priests (D:3)
  A hound (D:4)
  A sleepcap (D:4)
  3 gnolls (D:4)
  2 adders
  An ufetubus (D:4)
  2 worms
  2 dart slugs (D:3)
  7 orcs
  3 bats
  8 endoplasms
  3 giant cockroaches
  5 goblins
  7 hobgoblins
  A jackal (D:2)
  A quokka (D:3)
  5 ball pythons
  2 frilled lizards
  6 kobolds
  7 rats
73 creatures vanquished.

Notes
Turn   | Place    | Note
-------+----------+-------------------------------------------
     0 | D:1      | MisterAzrael the Draconian Shapeshifter began the quest for
                  | the Orb.
     0 | D:1      | Reached XP level 1. HP: 16/16 MP: 1/1
   464 | D:1      | Reached XP level 2. HP: 23/23 MP: 2/2
   728 | D:2      | Reached skill level 4 in Unarmed Combat
   799 | D:2      | Reached XP level 3. HP: 28/28 MP: 3/3
   810 | D:2      | Noticed an ogre
   817 | D:2      | Killed an ogre
   818 | D:2      | Reached skill level 5 in Unarmed Combat
   818 | D:2      | Reached XP level 4. HP: 35/35 MP: 4/4
  1606 | D:3      | Found a bloodstained altar of Trog.
  1636 | D:3      | Reached XP level 5. HP: 40/40 MP: 5/5
  1751 | D:3      | Reached skill level 6 in Unarmed Combat
  2642 | D:4      | Reached XP level 6. HP: 18/47 MP: 6/6
  2645 | D:4      | HP: 2/47 [gnoll/+0 vampiric halberd (3)]
  2896 | D:4      | Got Ecodureqa's Papyrus of Aeromancy
  2909 | D:4      | Reached skill level 7 in Unarmed Combat
  3042 | D:4      | Found a radiant altar of Vehumet.
  3337 | D:4      | Found a staircase to the Ecumenical Temple.
  3415 | Temple   | Entered the Ecumenical Temple
  3504 | Temple   | Became a worshipper of Nemelex Xobeh the Trickster
  3546 | D:5      | Entered Level 5 of the Dungeon
  3579 | D:5      | Reached skill level 8 in Unarmed Combat
  3589 | D:5      | Slain by a gnoll sergeant

Illustrated notes

Levels and vault maps discovered:
D:1:      lemuel_arrival_hallway, layout_loops_ring, minmay_misc_feat_room
D:2:      layout_basic, hangedman_abyss_or_decor_stabs, minmay_ruptured
D:3:      layout_loops_ring, mainiacjoe_overflow_concentric_impassable
D:4:      layout_rooms, lemuel_coloured_pillars_altar,
          minmay_temple_entry_enclosed_plants, chequers_mini_garden
D:5:      layout_basic, uniq_duvessa
Temple:   compressed_dpeg_circular_temple

Skill      XL: |  1  2  3  4  5  6 |
---------------+-------------------+-----
Unarmed Combat | 4 5 6 8 |  8.0
Fighting       | |  1.1
Dodging        | |  1.7
Shapeshifting  | |  3.0

Action                     |  1- 3 |  4- 6 || total
---------------------------+-------+-------++-------
  Melee: Unarmed           |    48 |   130 ||   178
         Tailslap          |     7 |     9 ||    16
         Punch             |       |     8 ||     8
  Evoke: Wand              |       |     2 ||     2
    Use: Potion            |       |     6 ||     6
   Stab: Sleeping          |     1 |     2 ||     3
 Armour: Skin              |    11 |    39 ||    50
  Dodge: Dodged            |    25 |    97 ||   122

Table legend: (Time is in decaauts)
 A = Elapsed time spent in this place.
 B = Non-inter-level travel time spent in this place.
 C = Inter-level travel time spent in this place.
 D = Time resting spent in this place.
 E = Time spent auto-exploring this place.
 F = Levels seen in this place.
 G = Mean time per level.
                   A        B        C        D        E       F      G
               +--------+--------+--------+--------+--------+-----+--------+
         Total |   3571 |   3448 |    123 |    732 |   2144 |   6 |  595.2 |
       Dungeon |   3452 |   3330 |    122 |    732 |   2144 |   5 |  690.4 |
        Temple |    118 |    118 |      0 |      0 |      0 |   1 |  118.0 |
               +--------+--------+--------+--------+--------+-----+--------+

Top non-repeatable levels by time:
     D:4: 998 daAuts
     D:3: 962 daAuts
     D:2: 872 daAuts
     D:1: 577 daAuts
  Temple: 118 daAuts
     D:5: 41 daAuts
